 Dungeon Crawl Stone Soup version 0.19-a0-1109-g16db51f (webtiles) character file.

167 Jmtri7 the Chopper (level 5, -1/42 HPs)
             Began as a Demigod Fighter on Aug 9, 2016.
             Killed by divine providence
             ... invoked by an orc priest
              (16 damage)
             ... on level 3 of the Dungeon.
             The game lasted 00:04:45 (2403 turns).

Jmtri7 the Chopper (Demigod Fighter)                Turns: 2403, Time: 00:04:45

Health: -1/42      AC:  8    Str: 21    XL:     5   Next: 2%
Magic:  7/7        EV:  5    Int: 12    God:
Gold:   90         SH:  9    Dex: 15    Spells: 0 memorised, 4 levels left

rFire  . . .     SeeInvis .     a - +0 war axe
rCold  + + .     Gourm    .     s - +0 chain mail
rNeg   . . .     Faith    .     c - +0 shield
rPois  .         Spirit   .     (no helmet)
rElec  .         Dismiss  .     (no cloak)
rCorr  .         Reflect  .     (no gloves)
SustAt +         Harm     .     (no boots)
MR     .....                    b - amulet of rage
Stlth  ..........               q - ring of protection from cold
                                p - ring of protection from cold

@: starving
A: high mp 1, sustain attributes
a: Evoke Berserk Rage


You were on level 3 of the Dungeon.
You were starving.

You visited 1 branch of the dungeon, and saw 3 of its levels.

You collected 90 gold pieces.

Inventory:

Hand Weapons
 a - a +0 war axe (weapon)
Armour
 c - a +0 shield (worn)
 s - a +0 chain mail (worn)
Jewellery
 b - an amulet of rage (around neck)
 p - a ring of protection from cold (left hand)
 q - a ring of protection from cold (right hand)
 v - an uncursed amulet of faith {unknown}
Scrolls
 e - 2 scrolls of teleportation {unknown}
 h - a scroll of magic mapping {unknown}
 j - 2 scrolls of identify {unknown}
 k - 2 scrolls of remove curse {unknown}
 l - a scroll of blinking {unknown}
 r - a scroll of recharging {unknown}
Potions
 d - 2 potions of might
 m - a potion of mutation {unknown}
 u - a potion of resistance {unknown}
Comestibles
 f - a bread ration
 g - a meat ration
 i - a royal jelly
 n - 5 fruits
 o - a slice of pizza


   Skills:
 - Level 2.6 Fighting
 + Level 5.0 Axes
 - Level 2.6 Armour
 - Level 2.6 Shields


You had 4 spell levels left.
You didn't know any spells.

Dungeon Overview and Level Annotations

Branches:
Dungeon (3/15)


Innate Abilities, Weirdness & Mutations

You have an increased reservoir of magic. (+10% MP)
Your attributes are resistant to harm.


Message History

The orc hits you from afar with a trident.
The orc priest calls down the wrath of Beogh upon you.
Beogh smites you! You block the ball python's attack.
The ball python grabs you. The ball python constricts you.
The orc hits you but does no damage.
The orc hits you from afar with a trident.
The orc priest casts a cantrip, but nothing happens.
The ball python bites you. The ball python constricts you.
The orc hits you but does no damage. You block the orc's attack.
Your attempt to break free from the ball python fails, but you feel that another attempt might succeed.
The ball python bites you but does no damage.
The ball python constricts you.
The orc priest casts a cantrip, but nothing happens.
You block the orc's attack.
The orc hits you from afar with a trident.
You escape the ball python's grasp.
You block the ball python's attack. x2
The orc priest invokes the aid of Beogh against you.
Beogh smites you!
You die...

♣♣...♣♣ ♣♣.....♣♣
♣♣.......♣♣
♣...≈≈≈o..♣
♣♣..≈≈≈≈≈oo♣♣
♣...≈≈_≈≈o..♣
♣♣..≈≈≈≈≈.(♣♣
♣...≈≈S...♣ ####
♣♣....@..♣♣ #..#
♣♣.....♣♣ ####.##
♣♣...♣♣ #....#
♣♣.....♣♣ ##.#####
♣♣.......♣
.......###♣...≈≈≈...♣
.............≈≈≈≈≈..#
........##...≈≈♣≈≈..#
###.....##...≈≈≈≈≈..#


You could see an orc priest, 3 orcs and a ball python.

Vanquished Creatures
  An iguana (D:3)
  7 adders
  An ooze (D:2)
  A worm (D:2)
  2 giant geckos (D:2)
  5 orcs (D:3)
  3 giant cockroaches
  5 goblins
  10 hobgoblins
  2 jackals (D:1)
  11 kobolds
  2 quokkas
  2 ball pythons (D:3)
  5 bats
  5 giant newts
  5 rats
67 creatures vanquished.

Notes
Turn   | Place    | Note
-------+----------+-------------------------------------------
     0 | D:1      | Jmtri7 the Demigod Fighter began the quest for the Orb.
     0 | D:1      | Reached XP level 1. HP: 18/18 MP: 3/3
    66 | D:1      | Reached skill level 2 in Axes
   237 | D:1      | Reached XP level 2. HP: 20/25 MP: 4/4
   798 | D:1      | Reached skill level 3 in Axes
   859 | D:2      | Reached XP level 3. HP: 30/30 MP: 5/5
   995 | D:2      | Reached skill level 4 in Axes
  1025 | D:2      | Reached XP level 4. HP: 17/37 MP: 6/6
  1027 | D:2      | Found an iron altar of Okawaru.
  2073 | D:3      | Found a white marble altar of Elyvilon.
  2100 | D:3      | HP: 1/37 [iguana (10)]
  2102 | D:3      | Reached skill level 5 in Axes
  2102 | D:3      | Reached XP level 5. HP: 1/42 MP: 7/7
  2403 | D:3      | Killed from afar by an orc priest

Vault maps used:
D:1:      lemuel_arrival_muddy
D:2:      old_standard_altar
D:3:      elyvilon_altar_3

Skill      XL: |  1  2  3  4 |
---------------+-------------+-----
Axes           | 2 3 4 5 |  5.0
Fighting       | |  2.6
Armour         | |  2.6
Shields        | |  2.6

Action                   |  1- 3 |  4- 6 || total
-------------------------+-------+-------++-------
Melee: War axe           |   144 |   122 ||   266
 Abil: Evoke Berserk Rag |       |     1 ||     1
  Eat: Chunk             |     1 |     3 ||     4
Armor: Scale mail        |    73 |    10 ||    83
       Chain mail        |       |    42 ||    42
Dodge: Dodged            |    58 |    32 ||    90
Block: Shield            |    84 |    69 ||   153
